 Dungeon Crawl Stone Soup version 0.30.0-10-gfe55d96785 (webtiles) character file.

Game seed: 14337865603256556993

7446 qw the Cleaver (level 11, 0/71 HPs)
             Began as a Gargoyle Cinder Acolyte on May 17, 2023.
             Was a Follower of Ignis.
             Slain by Erica
             ... wielding a +0 scimitar of flaming
              (1 damage)
             ... on level 10 of the Dungeon.
             The game lasted 00:04:22 (8666 turns).

qw the Cleaver (Gargoyle Cinder Acolyte)            Turns: 8666, Time: 00:04:23

Health: 0/71       AC: 32    Str: 24    XL:     11   Next: 15%
Magic:  12/12      EV:  8    Int: 15    God:    Ignis [*.....]
Gold:   599        SH:  4    Dex:  5    Spells: 12/12 levels left

rFire   . . .        Y - +3 war axe
rCold   + . .        h - +0 buckler
rNeg    + . .        c - +0 chain mail
rPois   inf          o - +1 hat
rElec   +            j - +2 cloak "Dotsanol" {rF- rC+ Str+2}
rCorr   .            f - +0 pair of gloves
SInv    .            k - +0 pair of boots
Will    .....        (no amulet) Stlth
                     (no ring)
HPRegen 0.31/turn    (no ring)
MPRegen 0.13/turn

%: no passive effects
@: fiery-armoured
A: sickness immunity, AC +8, negative energy resistance 1, electricity
resistance, torment resistance 1, petrification resistance
a: Renounce Religion, Fiery Armour, Foxfire Swarm, Rising Flame


You were on level 10 of the Dungeon.
You worshipped Ignis.
Ignis was aware of your devotion.
You visited 1 branch of the dungeon, and saw 10 of its levels.

You collected 599 gold pieces.


Innate Abilities, Weirdness & Mutations

You are immune to sickness and miasma.
Your stone body is resilient. (AC +8)
You are immune to poison.
You resist negative energy. (rN+)
You are resistant to electric shocks. (rElec)
You are resistant to unholy torment.
You are immune to petrification.


   Skills:
 - Level 9.0 Fighting
 + Level 11.6 Axes
 - Level 1.8 Throwing
 - Level 7.2 Armour
 - Level 1.0 Dodging
 - Level 5.0 Shields
 - Level 1.0 Spellcasting
 - Level 3.0 Fire Magic


You had 12 spell levels left.
You didn't know any spells.
Your spell library contained the following spells:

 Spells                   Type           Power      Damage    Failure   Level
 Scorch                   Fire           18%        2d6       52%         2

Inventory:

Hand Weapons
 b - a -1 hand axe of flaming
 Y - a +3 war axe (weapon)
Missiles
 g - 7 boomerangs (quivered)
Armour
 c - a +0 chain mail (worn)
 f - a +0 pair of gloves (worn)
 h - a +0 buckler (worn)
 j - the +2 cloak "Dotsanol" (worn) {rF- rC+ Str+2}
   (You found it on level 2 of the Dungeon)

   Str:       It affects your strength (+2).
   rF:        It makes you vulnerable to fire.
   rC:        It protects you from cold.
 k - a +0 pair of boots (worn)
 n - a +1 cloak of preservation
 o - a +1 hat (worn)
Wands
 d - a wand of digging (5)
Scrolls
 a - 2 scrolls of identify
 e - 3 scrolls of teleportation
Potions
 i - 4 potions of heal wounds
 l - 2 potions of haste
 m - 2 potions of might
 p - a potion of resistance

Dungeon Overview and Level Annotations

Branches:
Dungeon (10/15)            Temple (0/1) D:5
   Lair: D:8-11         Orc: D:9-12

Altars:
Gozag
Uskayaw
Xom

Annotations:
D:10 Erica


Message History

You resist.
You closely miss something.
You hear some strange, mumbled words.
A lance of force appears from out of thin air!
The lance of force hits you!
You are knocked back by the lance of force.
You swing at nothing.
You swing at nothing.
You swing at nothing.
You barely miss something. Something hits you. Something burns you.
You barely miss something. You hit something.
Something hits you but does no damage.
You hit something. Something hits you. Something burns you.
You hit something. Something hits you but does no damage.
You barely miss something.
You hear some strange, mumbled words.
A lance of force appears from out of thin air!
The lance of force hits you!
You are knocked back by the lance of force.
You swing at nothing.
You swing at nothing.
You swing at nothing.
You hit something. Something hits you. Something burns you.
You closely miss something.
You hear some strange, mumbled words.
A lance of force appears from out of thin air!
The lance of force hits you!
You are knocked back by the lance of force.
You slam into the rock wall!
You swing at nothing.
You closely miss something. Something hits you but does no damage.
You slash something! Something hits you! Something burns you.
You die...

#.........# #.###.## #.#
#.##...# ###.####
#.##...# #......#
#.##...## # #.#.##.#
#.......#.# #.#.##.#
#.........# #....#.#
#>###.#..##
###....#.###.##.@....#
+...............#.......
###))..#####.##......###
#)#.## #........## #)###
##### #### #.# #<# #.#
#.#


There were no monsters in sight!

Vanquished Creatures
  Pikel (D:6)
  Maurice (D:9)
  Psyche (D:8)
  Maggie (D:8)
  A troll (D:7)
  Prince Ribbit (D:6)
  Grinder (D:5)
  3 wyverns
  Grum (D:8)
  A shadow (D:9)
  3 yaks (D:8)
  2 steam dragons
  Menkaure (D:6)
  An acid dragon (D:8)
  2 water moccasins
  2 orc warriors
  2 sky beasts
  6 ice beasts
  2 black bears
  2 ogres
  2 centaurs (D:8)
  3 wolves (D:8)
  4 lemures (D:6)
  A kobold brigand (D:7)
  2 bullfrogs
  3 gnoll sergeants
  9 wights
  6 killer bees (D:9)
  3 howler monkeys
  3 hounds
  A gnoll bouda (D:6)
  2 jellies
  An orc priest (D:4)
  Jessica (D:2)
  Natasha (thrice) (D:3)
  4 iguanas
  7 orc wizards
  17 gnolls
  2 adders
  2 shadow imps
  2 white imps
  An ufetubus (D:5)
  11 orcs
  6 ball pythons
  3 bats (D:3)
  6 endoplasms
  3 giant cockroaches
  6 goblins
  9 hobgoblins
  4 jackals
  5 quokkas
  12 frilled lizards
  8 kobolds
  5 rats
192 creatures vanquished.

Vanquished Creatures (collateral kills)
  A gnoll (D:6)
1 creature vanquished.

Vanquished Creatures (others)
  An orc wizard (D:6)
  An orc (D:8)
2 creatures vanquished.

Grand Total: 195 creatures vanquished

Notes
Turn   | Place    | Note
-------+----------+-------------------------------------------
     0 | D:1      | qw the Gargoyle Cinder Acolyte began the quest for the Orb.
     0 | D:1      | Reached XP level 1. HP: 14/14 MP: 2/2
     0 | D:1      | 0 ||| qw: Version: 0.2-a-95-g4c1bab1
     0 | D:1      | 0 ||| qw: Game counter: 114
     0 | D:1      | 0 ||| qw: Always use a shield: true
     0 | D:1      | 0 ||| qw: God list: Okawaru
     0 | D:1      | 0 ||| qw: Allow faded altars: false
     0 | D:1      | 0 ||| qw: Do Orc after D:15 true
     0 | D:1      | 0 ||| qw: Do second Lair branch before Depths: true
     0 | D:1      | 0 ||| qw: Lair rune preference: random
     0 | D:1      | 0 ||| qw: Plans: Normal
     0 | D:1      | 0 ||| PLANNING D:1-11
     2 | D:1      | Noticed a ghoul
     5 | D:1      | Noticed an octopode
     5 | D:1      | Noticed a demigod
     7 | D:1      | Noticed a demonspawn
     9 | D:1      | Noticed a vine stalker
     9 | D:1      | Noticed an armataur
    11 | D:1      | Noticed a spriggan
    13 | D:1      | Noticed a merfolk
    13 | D:1      | Noticed a minotaur
    15 | D:1      | Noticed a felid
    15 | D:1      | Noticed a formicid
    17 | D:1      | Noticed a meteoran
    17 | D:1      | Noticed a troll
    19 | D:1      | Noticed a naga
    19 | D:1      | Noticed a human
    21 | D:1      | Noticed a vampire
    21 | D:1      | Noticed a gargoyle
    23 | D:1      | Noticed an elf
    23 | D:1      | Noticed a draconian
    25 | D:1      | Noticed a tengu
    25 | D:1      | Noticed a demigod
    27 | D:1      | Noticed a spriggan
    27 | D:1      | Noticed a tengu
    96 | D:1      | Reached skill level 3 in Axes
   124 | D:1      | Reached XP level 2. HP: 19/19 MP: 3/3
   194 | D:1      | 194 ||| Stepping ~*~*~tactically~*~*~ (stealth).
   319 | D:1      | 319 ||| Stepping ~*~*~tactically~*~*~ (stealth).
   320 | D:1      | 320 ||| Stepping ~*~*~tactically~*~*~ (stealth).
   335 | D:1      | 335 ||| Stepping ~*~*~tactically~*~*~ (stealth).
   337 | D:1      | 337 ||| Stepping ~*~*~tactically~*~*~ (stealth).
   345 | D:1      | 345 ||| Stepping ~*~*~tactically~*~*~ (stealth).
   347 | D:1      | 347 ||| Stepping ~*~*~tactically~*~*~ (stealth).
   348 | D:1      | 348 ||| Stepping ~*~*~tactically~*~*~ (stealth).
   446 | D:1      | You fall into a shaft and drop 1 floor!
   501 | D:2      | 501 ||| UPGRADING to +0 leather armour.
   511 | D:2      | 511 ||| DROPPING +0 robe.
   512 | D:2      | 512 ||| UPGRADING to +0 pair of gloves.
   517 | D:2      | 517 ||| UPGRADING to +0 pair of boots.
   522 | D:2      | 522 ||| UPGRADING to +0 ring mail.
   532 | D:2      | 532 ||| DROPPING +0 leather armour.
   533 | D:2      | 533 ||| READING 2 scrolls labelled PEDYET KUEQILY.
   534 | D:2      | 534 ||| READING scroll labelled EXZITS MYEPEITS.
   535 | D:2      | 535 ||| READING scroll labelled PIRUTU IM ZOU.
   547 | D:2      | 547 ||| READING scroll labelled JOECIZXUEDO.
   565 | D:2      | 565 ||| DRINKING 2 silvery potions.
   567 | D:2      | Found an opulent altar of Gozag.
   596 | D:1      | Reached XP level 3. HP: 23/23 MP: 4/4
   647 | D:1      | Reached skill level 1 in Armour
   829 | D:1      | 829 ||| Stepping ~*~*~tactically~*~*~ (stealth).
   830 | D:1      | 830 ||| Stepping ~*~*~tactically~*~*~ (stealth).
  1064 | D:1      | 1064 ||| UPGRADING to +0 chain mail.
  1074 | D:1      | 1074 ||| DROPPING +0 ring mail.
  1075 | D:1      | 1075 ||| READING scroll labelled WUIMOR CUECUL.
  1098 | D:2      | 1098 ||| Stepping ~*~*~tactically~*~*~ (hiding).
  1106 | D:2      | 1106 ||| INVOKING Fiery Armour.
  1108 | D:2      | 1108 ||| Stepping ~*~*~tactically~*~*~ (stealth).
  1117 | D:2      | Reached XP level 4. HP: 28/28 MP: 5/5
  1117 | D:2      | 1117 ||| Stepping ~*~*~tactically~*~*~ (stealth).
  1125 | D:2      | 1125 ||| Stepping ~*~*~tactically~*~*~ (stealth).
  1199 | D:2      | Noticed Jessica
  1200 | D:2      | 1200 ||| Stepping ~*~*~tactically~*~*~ (hiding).
  1203 | D:2      | 1203 ||| Stepping ~*~*~tactically~*~*~ (hiding).
  1208 | D:2      | Killed Jessica
  1209 | D:2      | Reached skill level 4 in Axes
  1518 | D:2      | Identified the +2 cloak "Dotsanol" {rF- rC+ Str+2}
  2083 | D:2      | 2083 ||| UPGRADING to +2 cloak "Dotsanol" {rF- rC+ Str+2}.
  2088 | D:2      | 2088 ||| READING scroll labelled USTREUK FOT HOST.
  2089 | D:2      | 2089 ||| DRINKING 2 bubbling purple potions.
  2090 | D:2      | 2090 ||| DROPPING potion of attraction.
  2117 | D:3      | Noticed Natasha
  2121 | D:3      | Killed Natasha
  2122 | D:3      | Reached XP level 5. HP: 32/32 MP: 6/6
  2174 | D:3      | Noticed Natasha
  2175 | D:3      | 2175 ||| Stepping ~*~*~tactically~*~*~ (stealth).
  2177 | D:3      | 2177 ||| Stepping ~*~*~tactically~*~*~ (hiding).
  2188 | D:3      | Killed Natasha
  2239 | D:3      | Reached skill level 5 in Axes
  2391 | D:3      | Noticed a water moccasin
  2408 | D:3      | Killed a water moccasin
  2409 | D:3      | Reached XP level 6. HP: 29/37 MP: 7/7
  2794 | D:3      | Noticed Natasha
  2800 | D:3      | Killed Natasha
  2843 | D:3      | 2843 ||| READING 2 scrolls of identify.
  2843 | D:3      | 2843 ||| IDENTIFYING ruby potion
  2844 | D:3      | 2844 ||| DROPPING potion of flight.
  2931 | D:4      | Noticed a black bear
  2947 | D:4      | Killed a black bear
  3055 | D:4      | 3055 ||| INVOKING Fiery Armour.
  3061 | D:4      | 3061 ||| DRINKING potion of curing.
  3061 | D:4      | 3061 ||| (to cure confusion)
  3065 | D:4      | Reached XP level 7. HP: 44/44 MP: 8/8
  3067 | D:4      | 3067 ||| SWAPPING to +1 hand axe of draining.
  3082 | D:4      | 3082 ||| Stepping ~*~*~tactically~*~*~ (stealth).
  3083 | D:4      | 3083 ||| Stepping ~*~*~tactically~*~*~ (stealth).
  3221 | D:4      | 3221 ||| INVOKING Fiery Armour.
  3223 | D:4      | HP: 2/44 [ogre/+0 giant club (20)]
  3224 | D:4      | 3224 ||| DRINKING 5 potions of heal wounds.
  3762 | D:4      | 3762 ||| DRINKING 2 cyan potions.
  3763 | D:4      | 3763 ||| READING 4 scrolls of identify.
  3763 | D:4      | 3763 ||| IDENTIFYING smoky red potion
  3764 | D:4      | 3764 ||| READING 3 scrolls of identify.
  3764 | D:4      | 3764 ||| IDENTIFYING dark potion
  3765 | D:4      | 3765 ||| READING 2 scrolls of identify.
  3765 | D:4      | 3765 ||| IDENTIFYING yellow potion
  3766 | D:4      | 3766 ||| DROPPING potion of degeneration.
  3767 | D:4      | 3767 ||| DROPPING potion of ambrosia.
  3768 | D:4      | 3768 ||| DROPPING potion of lignification.
  3769 | D:4      | 3769 ||| DROPPING potion of brilliance.
  3776 | D:5      | Entered Level 5 of the Dungeon
  3777 | D:5      | 3777 ||| PLANNING SEWER
  3810 | D:5      | Reached skill level 6 in Axes
  4007 | D:5      | Found a staircase to the Ecumenical Temple.
  4023 | D:5      | Reached skill level 7 in Axes
  4023 | D:5      | Reached XP level 8. HP: 36/48 MP: 9/9
  4164 | D:5      | Noticed Grinder
  4165 | D:5      | 4165 ||| Stepping ~*~*~tactically~*~*~ (hiding).
  4167 | D:5      | 4167 ||| Stepping ~*~*~tactically~*~*~ (hiding).
  4168 | D:5      | 4168 ||| Stepping ~*~*~tactically~*~*~ (hiding).
  4172 | D:5      | Paralysed by Grinder for 4 turns
  4185 | D:5      | Killed Grinder
  4279 | D:5      | 4279 ||| SWAPPING to +0 war axe.
  4280 | D:5      | 4280 ||| DROPPING +1 hand axe of draining.
  4310 | D:5      | 4310 ||| Stepping ~*~*~tactically~*~*~ (hiding).
  4312 | D:5      | 4312 ||| Stepping ~*~*~tactically~*~*~ (hiding).
  4353 | D:5      | 4353 ||| Stepping ~*~*~tactically~*~*~ (stealth).
  4457 | D:5      | 4457 ||| RIP SEWER
  4481 | D:5      | 4481 ||| PLANNING D:1-11
  4481 | D:5      | 4481 ||| DRINKING 2 orange potions.
  4482 | D:5      | 4482 ||| READING 3 scrolls of identify.
  4482 | D:5      | 4482 ||| IDENTIFYING lumpy sapphire potion
  4483 | D:5      | 4483 ||| READING 2 scrolls of identify.
  4483 | D:5      | 4483 ||| IDENTIFYING lumpy blue potion
  4484 | D:5      | 4484 ||| DROPPING potion of magic.
  4535 | D:6      | Noticed a wyvern
  4539 | D:6      | 4539 ||| INVOKING Fiery Armour.
  4543 | D:6      | HP: 8/51 [orc warrior/bolt (11)]
  4544 | D:6      | 4544 ||| DRINKING 5 potions of heal wounds.
  4544 | D:6      | Killed a wyvern
  4545 | D:6      | Reached skill level 8 in Axes
  4551 | D:6      | Reached skill level 6 in Fighting
  4648 | D:6      | Noticed Prince Ribbit
  4654 | D:6      | 4654 ||| INVOKING Fiery Armour.
  4654 | D:6      | Noticed Pikel
  4657 | D:6      | Reached XP level 9. HP: 56/56 MP: 10/10
  4664 | D:6      | Killed Prince Ribbit
  4665 | D:6      | Reached skill level 9 in Axes
  4673 | D:6      | Killed Pikel
  4674 | D:6      | Reached skill level 6 in Armour
  4779 | D:6      | 4779 ||| SWAPPING to +3 war axe.
  4780 | D:6      | 4780 ||| DROPPING +0 war axe.
  4837 | D:6      | 4837 ||| Stepping ~*~*~tactically~*~*~ (stealth).
  4846 | D:6      | 4846 ||| Stepping ~*~*~tactically~*~*~ (hiding).
  4847 | D:6      | 4847 ||| Stepping ~*~*~tactically~*~*~ (hiding).
  4862 | D:6      | 4862 ||| READING scroll labelled AHUR JUSI TUOR.
  4895 | D:6      | 4895 ||| INVOKING Fiery Armour.
  5163 | D:6      | Noticed Menkaure
  5169 | D:6      | Killed Menkaure
  5305 | D:6      | 5305 ||| UPGRADING to +0 buckler.
  5310 | D:6      | 5310 ||| READING scroll labelled NYUXAIVVEX.
  5311 | D:6      | 5311 ||| READING scroll labelled YDIMMYFEFO.
  5312 | D:6      | 5312 ||| READING scroll labelled JUDGHY JYITERGHI.
  5344 | D:6      | Reached skill level 1 in Shields
  5359 | D:7      | 5359 ||| STAIRDANCE
  5426 | D:7      | Noticed a troll
  5435 | D:7      | Killed a troll
  5436 | D:7      | Reached skill level 3 in Shields
  5488 | D:7      | Reached skill level 1 in Dodging
  5560 | D:7      | Found a hide-covered altar of Uskayaw.
  5595 | D:7      | Reached XP level 10. HP: 50/63 MP: 11/11
  5845 | D:7      | 5845 ||| Stepping randomly (disturbance).
  5919 | D:7      | Reached skill level 10 in Axes
  6303 | D:8      | Noticed Psyche
  6339 | D:8      | 6339 ||| INVOKING Fiery Armour.
  6344 | D:8      | HP: 16/64 [acid dragon (4)]
  6345 | D:8      | 6345 ||| READING 3 scrolls of teleportation.
  6346 | D:8      | 6346 ||| DRINKING 4 potions of heal wounds.
  6467 | D:8      | 6467 ||| Stepping ~*~*~tactically~*~*~ (stealth).
  6469 | D:8      | 6469 ||| Stepping ~*~*~tactically~*~*~ (hiding).
  6470 | D:8      | 6470 ||| Stepping ~*~*~tactically~*~*~ (hiding).
  6486 | D:8      | 6486 ||| Stepping randomly (disturbance).
  6487 | D:8      | 6487 ||| Stepping ~*~*~tactically~*~*~ (stealth).
  6493 | D:8      | Killed Psyche
  6549 | D:8      | Found a shimmering altar of Xom.
  6760 | D:8      | Noticed Maggie
  6775 | D:8      | Killed Maggie
  6776 | D:8      | Reached skill level 1 in Throwing
  6957 | D:8      | 6957 ||| Stepping ~*~*~tactically~*~*~ (stealth).
  6972 | D:8      | 6972 ||| INVOKING Fiery Armour.
  6977 | D:8      | Reached skill level 11 in Axes
  7145 | D:8      | Noticed Grum
  7146 | D:8      | 7146 ||| INVOKING Fiery Armour.
  7154 | D:8      | Killed Grum
  7508 | D:8      | 7508 ||| UPGRADING to +1 hat.
  7513 | D:8      | 7513 ||| READING scroll labelled NUACEDYCK.
  7549 | D:9      | 7549 ||| Stepping ~*~*~tactically~*~*~ (hiding).
  7551 | D:9      | 7551 ||| Stepping ~*~*~tactically~*~*~ (hiding).
  7552 | D:9      | 7552 ||| Stepping ~*~*~tactically~*~*~ (hiding).
  7655 | D:9      | Reached skill level 9 in Fighting
  7717 | D:9      | 7717 ||| INVOKING Fiery Armour.
  7893 | D:9      | Reached XP level 11. HP: 57/71 MP: 12/12
  7962 | D:9      | Noticed Maurice
  7973 | D:9      | 7973 ||| Stepping ~*~*~tactically~*~*~ (hiding).
  7974 | D:9      | 7974 ||| Stepping ~*~*~tactically~*~*~ (hiding).
  7985 | D:9      | Killed Maurice
  8191 | D:9      | 8191 ||| READING scroll labelled JIG DY SOFA.
  8192 | D:9      | 8192 ||| Stepping randomly (disturbance).
  8502 | D:9      | 8502 ||| READING 3 scrolls of identify.
  8502 | D:9      | 8502 ||| IDENTIFYING fizzy grey potion
  8513 | D:10     | Entered Level 10 of the Dungeon
  8634 | D:10     | Noticed Erica
  8635 | D:10     | 8635 ||| INVOKING Fiery Armour.
  8645 | D:10     | 8645 ||| Stepping randomly (disturbance).
  8663 | D:10     | HP: 11/71 [something/lance of force (17)]
  8666 | D:10     | HP: 1/71 [something (11)]
  8666 | D:10     | Slain by Erica

Levels and vault maps discovered:
D:1:      kb_arrival_jail, layout_basic, minmay_lizard_king
D:2:      layout_basic, basic_altar, serial_rivers,
          chequers_serial_rivers_small_3, chequers_serial_rivers_micro_a,
          chequers_serial_rivers_small_b, chequers_serial_rivers_small_b,
          chequers_serial_rivers_micro_c, chequers_serial_rivers_small_b,
          uniq_jessica
D:3:      layout_basic, uniq_natasha
D:4:      layout_loops_cross, kennysheep_generic_room_13
D:5:      layout_gridville, minmay_temple_entry_overgrown, serial_bayou,
          serial_bayou_pond_e, serial_bayou_ford_a, serial_bayou_pond_a,
          serial_bayou_shore_a, portal_sewer_entry_d, uniq_grinder
D:6:      layout_cave_pools, uniq_prince_ribbit1, uniq_pikel, uniq_menkaure
D:7:      layout_basic, nicolae_uskayaw_dance_hall
D:8:      layout_basic, xom_confusion_cloud, enter_bailey_4, uniq_psyche,
          uniq_grum, uniq_maggie
D:9:      layout_small_grid, uniq_maurice
D:10:     layout_loops_corners, bloody_makhleb, uniq_erica

Skill      XL: |  1  2  3  4  5  6  7  8  9 10 |
---------------+-------------------------------+-----
Axes           | 3 4 5 7 8 9 11 | 11.6
Armour         | 2 4 6 7 |  7.2
Fighting       | 4 6 7 9 |  9.0
Shields        | 4 5 |  5.0
Dodging        | 1 |  1.0
Throwing       | 1 |  1.8
Spellcasting   | |  1.0
Fire Magic     | |  3.0

Action                     |  1- 3 |  4- 6 |  7- 9 | 10-12 || total
---------------------------+-------+-------+-------+-------++-------
  Melee: Hand axe          |   115 |   111 |    80 |       ||   306
         Punch             |       |       |     6 |       ||     6
         War axe           |       |       |   111 |   269 ||   380
         Unarmed           |       |       |       |    19 ||    19
  Throw: Boomerang         |       |       |       |    20 ||    20
 Invoke: Fiery Armour      |     1 |     1 |     4 |     5 ||    11
    Use: Scroll            |     5 |     2 |     9 |     4 ||    20
         Potion            |     1 |     2 |     4 |     1 ||     8
 Armour: Robe              |     5 |       |       |       ||     5
         Ring mail         |    26 |       |       |       ||    26
         Chain mail        |     5 |    79 |   211 |   173 ||   468
         Skin              |       |       |       |    10 ||    10
  Dodge: Dodged            |    58 |    56 |    98 |   113 ||   325
  Block: Buckler           |       |       |     9 |    45 ||    54

Table legend:
 A = Non-vault XP
 B = Vault XP
 C = Vault XP percentage of total XP
 D = Non-vault monster count
 E = Vault monster count
 F = Vault count percentage of total count
                 A         B        C        D         E       F
            +---------+---------+-------+---------+---------+-------
      Total |    6609 |    4029 |  37.9 |     156 |      34 |  17.9
            +---------+---------+-------+---------+---------+-------
        D:1 |      56 |       5 |   8.2 |      32 |       5 |  13.5
        D:2 |      51 |      37 |  42.0 |      10 |       1 |   9.1
        D:3 |     226 |      36 |  13.7 |       9 |       1 |  10.0
        D:4 |     354 |       2 |   0.6 |      17 |       1 |   5.6
        D:5 |     503 |     281 |  35.8 |      10 |       2 |  16.7
        D:6 |    1340 |    1100 |  45.1 |      23 |       3 |  11.5
        D:7 |    1385 |       0 |   0.0 |      21 |       0 |   0.0
        D:8 |     988 |    2129 |  68.3 |      10 |      20 |  66.7
        D:9 |    1555 |     439 |  22.0 |      19 |       1 |   5.0
       D:10 |     151 |       0 |   0.0 |       5 |       0 |   0.0
            +---------+---------+-------+---------+---------+-------
